 Dungeon Crawl Stone Soup version 0.31-a0-846-gb3bcc0d938 (webtiles) character file.

Game seed: 7379285636290796841

57974 Kurtz the Frost Mage (level 14, -1/90 HPs)
             Began as a Felid Ice Elementalist on Oct 4, 2023.
             Was a Priest of Sif Muna.
             Slain by an anaconda skeleton (4 damage)
             ... on level 1 of the Abyss.
             The game lasted 02:01:41 (39488 turns).

Kurtz the Frost Mage (Felid Ice Elementalist)      Turns: 39488, Time: 02:01:42

Health: -1/90      AC:  3    Str:  6      XL:     14   Next: 47%
Magic:  21/21      EV: 20    Int: 19 (21) God:    Sif Muna [***...]
Gold:   923        SH:  0    Dex: 18      Spells: 3/35 levels left
                                        Lives:  0   Deaths: 5

rFire   x x          x
                       - Unarmed
rCold   + + .        (shield unavailable)
rNeg    + . .        (body armour unavailable)
rPois   +            (helmet unavailable)
rElec   .            (cloak unavailable)
rCorr   .            (gloves unavailable)
SInv    +            (boots unavailable)
Will    ++...        r - amulet of the acrobat
Stlth   x              - ring of Jikyahal {rC+ rN+ Int+6 Dex+3}
HPRegen 0.00/turn    d - ring "Beuz" {rPois Str+6}
MPRegen 0.17/turn

%: random rage (9%), acrobat
@: berserking, sick, constricted, very quick
A: very small, claws 1, fangs 3, see invisible, speed 1, shaggy fur 3, stealthy
paws, no weapons or thrown items, no armour, multi-lived, [berserk 2], [clumsy
2], [deterioration 2], [dopey 2], [low MP 3], [screaming 2], [weak 2], [heat
vulnerability 3], [inability to drink after injury 2], [inability to read after
injury 2]
a: Renounce Religion, Channel Magic, Forget Spell


You were on level 1 of the Abyss.
You worshipped Sif Muna.
Sif Muna was most pleased with you.
You visited 4 branches of the dungeon, and saw 20 of its levels.
You visited the Abyss 1 time.
You also visited: Bailey and Gauntlet.

You collected 1085 gold pieces.
You spent 162 gold pieces at shops.

Inventory:

Jewellery
 b - an amulet of faith
 d - the ring "Beuz" (right paw) {rPois Str+6}
   (You acquired it in a bailey)

   [ring of strength]

   Str+6:     It affects your strength (+6).
   rPois:     It protects you from poison
 l - a ring of protection from cold
 r - an amulet of the acrobat (around neck)
 x - the ring of Jikyahal (left paw) {rC+ rN+ Int+6 Dex+3}
   (You acquired it in a bailey)

   [ring of intelligence]

   Int+6:     It affects your intelligence (+6).
   Dex+3:     It affects your dexterity (+3).
   rC+:       It protects you from cold.
   rN+:       It protects you from negative energy.
 A - the ring of the Cockroach {Int+6 Dex+4}
   (You found it in a bailey)

   [ring of intelligence]

   Int+6:     It affects your intelligence (+6).
   Dex+4:     It affects your dexterity (+4).
 C - the ring of Shadows {Umbra +Inv Stlth+}
   (You found it in a bailey)

   [ring of stealth]

   Umbra:     It surrounds you with an aura of shadow, increasing your stealth
   and reducing the accuracy of all others within it.
   +Inv:      It lets you turn invisible.
   Stlth+:    It makes you more stealthy.
 G - a ring of protection from fire
 K - an amulet of guardian spirit
Talismans
 J - a flux talisman
Wands
 h - a wand of polymorph (5)
 u - a wand of roots (12) (quivered)
 I - a wand of digging (9)
 L - a wand of flame (6)
 M - a wand of paralysis (3)
 N - a wand of mindburst (6)
Scrolls
 a - 7 scrolls of teleportation
 e - 3 scrolls of enchant armour
 f - 6 scrolls of poison
 i - 4 scrolls of identify
 k - 3 scrolls of amnesia
 m - 2 scrolls of brand weapon
 t - 4 scrolls of noise
 w - a scroll of revelation
 y - a scroll of acquirement
 D - 5 scrolls of vulnerability
 E - a scroll of fog
 F - a scroll of silence
Potions
 c - 4 potions of magic
 g - 2 potions of invisibility
 j - a potion of resistance
 n - a potion of might
 o - 5 potions of curing
 p - 3 potions of brilliance
 q - 3 potions of lignification
 s - a potion of berserk rage
 v - 2 potions of cancellation
 z - 2 potions of mutation
 B - a potion of haste {unknown}
 H - 4 potions of attraction
 O - 2 potions of degeneration {unknown}
Miscellaneous
 P - a tin of tremorstones (2/2)


   Skills:
 - Level 6.1 Fighting
 + Level 8.9 Dodging
 + Level 3.2 Stealth
 - Level 4.3 Unarmed Combat
 - Level 11.3 Spellcasting
 + Level 11.0 Conjurations
 - Level 2.8 Hexes
 - Level 2.6 Summonings
 - Level 11.6 Ice Magic
 + Level 10.1 Earth Magic
 - Level 2.2 Invocations
 - Level 2.0 Evocations
 * Level 2.0 Shapeshifting


You had 3 spell levels left.
You knew the following spells:

 Your Spells              Type           Power      Damage    Failure   Level
a - Freeze                Ice            100%       1d10      1%          1
b - Frozen Ramparts       Ice            100%       1d16      1%          3
c - Ozocubu's Armour      Ice            53%        N/A       1%          3
d - Summon Ice Beast      Ice/Summ       37%        N/A       3%          4
e - Metabolic Englaciati  Hex/Ice        19%        N/A       9%          5
f - Bombard               Conj/Erth      25%        9d5       13%         6
g - Iskenderun's Battles  Conj           51%        2d10      1%          5
h - Blink                 Tloc           20%        N/A       10%         2
i - Summon Guardian Gole  Hex/Summ       21%        N/A       6%          3

Your spell library contained the following spells:

 Spells                   Type           Power      Damage    Failure   Level
 Magic Dart               Conj           100%       1d8       1%          1
 Shock                    Conj/Air       100%       1d9       1%          1
 Ensorcelled Hibernation  Hex/Ice        76%        N/A       1%          2
 Momentum Strike          Conj/Tloc      62%        3d9       1%          2
 Passwall                 Tmut/Erth      25%        N/A       1%          2
 Summon Small Mammal      Summ           80%        N/A       2%          1
 Call Imp                 Summ           40%        N/A       3%          2
 Mephitic Cloud           Conj/Pois/Air  24%        N/A       4%          3
 Apportation              Tloc           20%        N/A       7%          1
 Necrotise                Necr           40%        1d6       7%          1
 Sting                    Tmut/Pois      40%        1d5       7%          1
 Call Canine Familiar     Summ           20%        N/A       7%          3
 Lesser Beckoning         Tloc           20%        N/A       10%         2
 Swiftness                Air            10%        N/A       21%         3
 Brom's Barrelling Bould  Conj/Erth      50%        2d7       1%          4
 Petrify                  Tmut/Erth      30%        N/A       9%          4
 Cause Fear               Hex            10%        N/A       21%         4
 Anguish                  Hex/Necr       8%         N/A       34%         4
 Airstrike                Air            5%         2d(1-17)  54%         4
 Summon Forest            Summ/Tloc      7%         N/A       71%         5
 Spellforged Servitor     Conj/Summ      18%        N/A       97%         7
 Enfeeble                 Hex            10%        N/A       100%        7
 Summon Hydra             Summ           10%        N/A       100%        7
 Dragon's Call            Summ           10%        N/A       100%        9
 Shatter                  Erth           24%        3d21*     100%        9
 Animate Armour           Summ/Erth      Unusable   N/A       N/A         4

Dungeon Overview and Level Annotations

Branches:
Dungeon (13/15)            Temple (1/1) D:5            Lair (5/5) D:10
  Swamp (0/4) Lair:2        Snake (1/4) Lair:3        Slime (0/5) Lair:5
    Orc (0/2) D:11         Vaults (0/5) D:13         Bailey (visited)
Gauntlet (visited)

Altars:
Ashenzari
Cheibriados
Dithmenos
Elyvilon
Fedhas
Gozag
Kikubaaqudgha
Makhleb
Nemelex Xobeh
Okawaru
Qazlal
Ru
Sif Muna
Trog
Uskayaw
Vehumet
Wu Jian
Xom
Yredelemnul
Zin
The Shining One
Jiyva

Shops:
D:2 (   D:5 *   D:10 *   D:13 (==

Annotations:
D:4 exclusion: downstairs
D:6 3 runed translucent doors, exclusions: ice beast and 1 more exclusion, nsfwizard01's ghost, amateur TeRe
D:7 exclusion: killer bee
D:8 exclusion: downstairs
D:9 Harold
Lair:2 3 runed translucent doors, exclusions: downstairs and fire dragon, retardedninja's ghost, journeyman GrFE
Lair:4 exclusion: 3 downstairs


Innate Abilities, Weirdness & Mutations

You have sharp claws.
You have razor-sharp teeth.
You have supernaturally acute eyesight. (SInv)
You cover ground quickly. (Speed+)
Your thick and shaggy fur keeps you warm. (AC +3, rC+)
Your paws help you pounce on unaware monsters.
You are incapable of wielding weapons or throwing items.
You cannot wear armour.
You gain extra lives every three experience levels.
[You have an uncontrollable temper.]
[You are very clumsy. (Dex -4)]
[Your body often deteriorates upon taking damage.]
[You are very dopey. (Int -4)]
[Your magical capacity is extremely low. (-30% MP)]
[You frequently scream uncontrollably at your foes.]
[You are very weak. (Str -4)]
[You are extremely vulnerable to heat. (rF---)]
[You sometimes lose the ability to drink potions when taking damage.]
[You sometimes lose the ability to read scrolls when taking damage.]


Message History

The ufetubus attacks as it pursues you! The ufetubus completely misses you. x2
You can no longer call upon Sif Muna to cast any spell from your library.
The ufetubus attacks as it pursues you!
The ufetubus hits you but does no damage.
The ufetubus completely misses you.
You miss the ufetubus. The ufetubus closely misses you.
The ufetubus hits you but does no damage.
The ufetubus completely misses you. x2
You claw the ufetubus!
You kill the ufetubus!
Sif Muna accepts your kill.
You scratch the anaconda skeleton. Your claw misses the anaconda skeleton.
The anaconda skeleton is lightly damaged.
The anaconda skeleton barely misses you.
The anaconda skeleton closely misses you.
The anaconda skeleton completely misses you.
The anaconda skeleton closely misses you.
A red film seems to cover your vision as you go berserk!
You feel yourself moving faster!
You feel mighty!
You claw the anaconda skeleton!
The anaconda skeleton is lightly damaged.
The anaconda skeleton completely misses you.
The anaconda skeleton bites you!
* * * LOW HITPOINT WARNING * * *
Your body deteriorates!
You feel dopey.
You claw the anaconda skeleton! You bite the anaconda skeleton!
The anaconda skeleton is heavily damaged.
The anaconda skeleton misses you. x2
You scratch the anaconda skeleton.
The anaconda skeleton is heavily damaged.
The anaconda skeleton misses you. The anaconda skeleton bites you.
* * * LOW HITPOINT WARNING * * *
You claw the anaconda skeleton! You bite the anaconda skeleton!
The anaconda skeleton is severely damaged.
The anaconda skeleton barely misses you.
The anaconda skeleton closely misses you.
You claw the anaconda skeleton!
The anaconda skeleton is almost destroyed.
The anaconda skeleton grabs you. The anaconda skeleton bites you.
You die...

#####
#.#@#
#Z## #X
# #..#
#.#..#
#.####.#
#.. .. .
.. . ...
#


You could see a large abomination and an anaconda skeleton.

Vanquished Creatures
  Josephine (Lair:3)
  A hydra (Lair:4)
  5 two-headed ogres
  A centaur warrior (D:13)
  3 death yaks
  2 boulder beetles (D:13)
  Urug (D:13)
  A sea snake (shapeshifter) (D:13)
  A swamp dragon (Lair:2)
  A wizard (D:13)
  A deep elf pyromancer (D:9)
  2 cyclopes (D:13)
  A necromancer (D:13)
  A shining eye (Gauntlet)
  2 ugly things
  A moth of wrath (Gauntlet)
  A worldbinder (Gauntlet)
  12 elephants
  2 slime creatures (Gauntlet)
  2 smoke demons (Lair:5)
  7 black mambas
  Joseph (Lair:1)
  9 cane toads
  2 rime drakes
  3 komodo dragons
  A kobold demonologist (D:10)
  An ancient zyme (Abyss:1)
  A polar bear (Lair:1)
  5 trolls
  A large abomination (Lair:5)
  3 dream sheep
  28 blink frogs
  36 yaks
  2 shadows
  4 wyverns
  A ynoxinul (Lair:5)
  5 wraiths
  A vampire (D:9)
  A golden eye (Gauntlet)
  2 basilisks
  Menkaure (D:7)
  2 steam dragons
  11 vampire mosquitoes
  Edmund (D:4)
  2 acid dragons
  25 water moccasins
  2 ice beasts (D:10)
  A swamp drake (Lair:1)
  A black bear (D:6)
  8 orc warriors
  3 sky beasts
  A boggart (Gauntlet)
  6 centaurs
  20 wolves
  A phantom (D:7)
  An ogre (D:7)
  8 small abominations (Lair:5)
  A kobold brigand (D:10)
  6 bullfrogs
  5 necrophages (Lair:2)
  4 scorpions
  5 wights
  9 killer bees
  An electric eel (Lair:2)
  5 howler monkeys
  A nameless horror (D:6)
  2 jellies
  2 hounds
  6 orc priests
  2 gnoll boudas
  5 iguanas
  A sleepcap (D:7)
  11 orc wizards
  8 adders
  15 gnolls
  A shadow imp (D:5)
  2 white imps (D:7)
  4 ufetubi
  A worm (D:2)
  2 dart slugs
  31 orcs
  5 ball pythons
  5 bats
  6 endoplasms
  5 giant cockroaches
  15 goblins
  11 hobgoblins
  5 jackals
  3 quokkas (D:2)
  A frilled lizard (D:1)
  22 kobolds
  6 rats
464 creatures vanquished.

Vanquished Creatures (collateral kills)
  An ugly thing (D:8)
  A black mamba (Lair:1)
  A cane toad (Lair:5)
  A rime drake (Lair:2)
  2 komodo dragons
  A troll (D:10)
  2 blink frogs (Lair:5)
  3 dream sheep
  2 wraiths
  5 yaks
  Grum (D:8)
  2 basilisks (Lair:5)
  2 vampire mosquitoes (Lair:1)
  3 water moccasins (Lair:3)
  2 acid dragons
  2 ice beasts (D:10)
  A black bear (Lair:1)
  A centaur (D:6)
  A phantom (D:7)
  A gnoll sergeant (D:11)
  2 bullfrogs
  3 wights (D:7)
  A jelly (D:8)
  An orc priest (D:8)
  An iguana (D:6)
  2 orc wizards
  2 gnolls (D:11)
  2 orcs
49 creatures vanquished.

Vanquished Creatures (others)
  A chaos spawn (Lair:5)
  An orc (D:8)
  4 boulders (D:7)
  5 starspawn tentacles (Abyss:1)
11 creatures vanquished.

Grand Total: 524 creatures vanquished

Notes
Turn   | Place    | Note
-------+----------+-------------------------------------------
     0 | D:1      | Kurtz the Felid Ice Elementalist began the quest for the
                  | Orb.
     0 | D:1      | Reached XP level 1. HP: 7/7 MP: 4/4
   297 | D:1      | Reached XP level 2. HP: 11/11 MP: 4/6
   627 | D:1      | Found a faded altar of an unknown god.
   703 | D:1      | Reached XP level 3. HP: 14/14 MP: 3/7
  1010 | D:2      | Found Veafeiro's Antique Weapon Shoppe.
  1165 | D:2      | Learned a level 3 spell: Frozen Ramparts
  1428 | D:2      | Identified the +3 whip of the Apocalypse {freeze, rPois rF-
                  | Dex+5 Stlth+}
  1987 | D:3      | Reached XP level 4. HP: 18/18 MP: 3/8
  2065 | D:3      | Reached skill level 5 in Ice Magic
  2312 | D:3      | Reached skill level 1 in Unarmed Combat
  2390 | D:3      | Found a glowing golden altar of the Shining One.
  2429 | D:3      | Reached XP level 5. HP: 21/21 MP: 4/9
  3132 | D:4      | Learned a level 3 spell: Ozocubu's Armour
  3558 | D:4      | Found a bloodstained altar of Trog.
  3623 | D:4      | Noticed Edmund
  3629 | D:4      | Killed Edmund
  3630 | D:4      | Gained mutation: You are covered in thick fur. (AC +2)
                  | [Felid growth]
  3630 | D:4      | Reached XP level 6. HP: 15/24 MP: 11/11
  3807 | D:4      | Got a dog-eared book
  3901 | D:5      | Entered Level 5 of the Dungeon
  4466 | D:5      | Found Cur Haiv's General Store.
  4472 | D:5      | Bought a potion of curing for 36 gold pieces
  4642 | D:5      | Reached XP level 7. HP: 27/27 MP: 3/13
  5204 | D:5      | Found a staircase to the Ecumenical Temple.
  5214 | Temple   | Entered the Ecumenical Temple
  5228 | Temple   | Became a worshipper of Sif Muna the Loreminder
  5353 | D:6      | Noticed nsfwizard01's ghost (amateur TeRe)
  5536 | D:6      | Reached skill level 1 in Invocations
  5771 | D:6      | Found a snail-covered altar of Cheibriados.
  5796 | D:7      | Found a flagged portal.
  5821 | Bailey   | Entered a bailey
  5826 | Bailey   | Noticed an orc warlord
  5826 | Bailey   | Found the ring of Shadows {Umbra +Inv Stlth+}
  5881 | Bailey   | Learned a level 4 spell: Summon Ice Beast
  6031 | Bailey   | Reached * piety under Sif Muna
  6038 | Bailey   | Reached XP level 8. HP: 16/31 MP: 8/15
  6287 | Bailey   | Found a runed translucent gate.
  6367 | Bailey   | Acquired the ring "Beuz" {rPois Str+6}
  6374 | Bailey   | Found a runed translucent gate.
  6389 | Bailey   | Found a runed translucent gate.
  6426 | Bailey   | Acquired the ring of Jikyahal {rC+ rN+ Int+6 Dex+3}
  6593 | Bailey   | Noticed a nameless horror
  6598 | Bailey   | Mangled by an orc warlord
  6746 | Bailey   | Identified the ring of the Cockroach {Int+6 Dex+4}
  6931 | D:7      | Reached skill level 5 in Spellcasting
  7172 | D:7      | Found a burning altar of Makhleb.
  7172 | D:7      | Found an opulent altar of Gozag.
  7176 | D:7      | Found a sparkling altar of Nemelex Xobeh.
  7176 | D:7      | Found an ornate altar of the Wu Jian Council.
  7251 | D:7      | Noticed Menkaure
  7416 | D:6      | Reached skill level 1 in Evocations
  7932 | D:6      | Reached skill level 1 in Summonings
  8120 | D:6      | Found a blossoming altar of Fedhas.
  8176 | D:6      | Found a runed translucent gate.
  8182 | D:6      | Found a runed translucent gate.
  8183 | D:6      | Found a runed translucent gate.
  8546 | D:7      | Reached XP level 9. HP: 34/34 MP: 7/17
  8937 | D:8      | Reached skill level 1 in Fighting
  9038 | D:8      | Got a humming book
  9104 | D:8      | Noticed Grum
  9121 | D:8      | Killed Grum
  9625 | D:7      | Learned a level 4 spell: Brom's Barrelling Boulder
  9950 | D:7      | Killed Menkaure
  9951 | D:7      | Reached skill level 1 in Conjurations
  9951 | D:7      | Reached skill level 1 in Earth Magic
 11401 | D:9      | Reached ** piety under Sif Muna
 11579 | D:9      | Noticed a centaur warrior
 11579 | D:9      | Noticed Harold
 12642 | D:9      | Noticed a skeletal warrior
 13386 | D:7      | Reached skill level 10 in Ice Magic
 13386 | D:7      | Reached XP level 10. HP: 32/40 MP: 7/18
 13865 | D:9      | Noticed a green ugly thing
 13881 | D:8      | Killed a green ugly thing
 14416 | D:9      | Noticed a deep elf pyromancer
 14650 | D:7      | Reached skill level 5 in Dodging
 14906 | D:8      | Learned a level 4 spell: Petrify
 15199 | D:9      | Killed a deep elf pyromancer
 15755 | D:10     | Entered Level 10 of the Dungeon
 16503 | D:10     | Reached XP level 11. HP: 46/46 MP: 12/21
 16576 | D:10     | Noticed a two-headed ogre
 16587 | D:10     | Killed a two-headed ogre
 17056 | D:10     | Found a staircase to the Lair.
 17723 | D:10     | Found Eptaiwk's Assorted Antiques.
 17728 | D:10     | Bought a potion of heal wounds for 90 gold pieces
 17728 | D:10     | Bought a scroll of identify for 36 gold pieces
 17755 | D:10     | Found an iron altar of Okawaru.
 18369 | D:11     | Reached *** piety under Sif Muna
 18465 | D:11     | Reached skill level 5 in Conjurations
 18735 | D:11     | Killed from afar by an acid dragon
 18754 | D:11     | Noticed a two-headed ogre
 18769 | D:11     | Killed a two-headed ogre
 18926 | D:11     | Learned a level 5 spell: Iskenderun's Battlesphere
 19585 | D:11     | Found a staircase to the Orcish Mines.
 20286 | D:12     | Reached skill level 5 in Earth Magic
 20635 | D:12     | Learned a level 5 spell: Metabolic Englaciation
 20848 | D:12     | Noticed a white ugly thing
 20858 | D:12     | Killed a white ugly thing
 20859 | D:12     | Reached skill level 1 in Hexes
 20859 | D:12     | Gained mutation: Your thick and shaggy fur keeps you warm.
                  | (AC +3, rC+) [Felid growth]
 20859 | D:12     | Reached XP level 12. HP: 21/50 MP: 3/24
 21384 | D:13     | Noticed Urug
 21507 | D:13     | Killed Urug
 21622 | D:13     | Reached skill level 5 in Fighting
 21647 | D:13     | Found Ylyczad's Jewellery Shoppe.
 21647 | D:13     | Noticed a boulder beetle
 21716 | D:13     | Found Iggasol's Antique Weapon Emporium.
 21717 | D:13     | Found a gate leading to a gauntlet.
 21718 | D:13     | Noticed a boulder beetle
 21723 | Gauntlet | Entered a Gauntlet
 21723 | Gauntlet | Noticed a catoblepas
 21723 | Gauntlet | Found a transporter.
 21723 | Gauntlet | Found a transporter.
 21724 | Gauntlet | Found a transporter.
 21724 | Gauntlet | Found a transporter.
 21727 | Gauntlet | Found a transporter.
 21729 | Gauntlet | Found a large runed translucent door.
 21730 | Gauntlet | Found a large runed translucent door.
 21731 | Gauntlet | Found a large runed translucent door.
 21731 | Gauntlet | Found a large runed translucent door.
 21731 | Gauntlet | Found a runed translucent door.
 21732 | Gauntlet | Found a large runed translucent door.
 21738 | Gauntlet | Found a transporter.
 21744 | Gauntlet | Found a transporter.
 21746 | Gauntlet | Found a transporter.
 21754 | Gauntlet | Found a large runed translucent door.
 21755 | Gauntlet | Found a large runed translucent door.
 21756 | Gauntlet | Found a large runed translucent door.
 21757 | Gauntlet | Found a runed translucent gate.
 21759 | Gauntlet | Found the +2 pair of slick slippers {slick, slippery, EV+4}
 21770 | Gauntlet | Found a transporter.
 21781 | Gauntlet | Found a transporter.
 21807 | Gauntlet | Found a transporter.
 21868 | Gauntlet | Found a large runed translucent door.
 21869 | Gauntlet | Found a large runed translucent door.
 21870 | Gauntlet | Found a large runed translucent door.
 21870 | Gauntlet | Found a large runed translucent door.
 21870 | Gauntlet | Found a runed translucent door.
 21871 | Gauntlet | Found a large runed translucent door.
 21872 | Gauntlet | Found a large runed translucent door.
 21873 | Gauntlet | Found a large runed translucent door.
 21873 | Gauntlet | Found a large runed translucent door.
 21874 | Gauntlet | Found a runed translucent gate.
 21874 | Gauntlet | Found a runed translucent gate.
 21876 | Gauntlet | Found a transporter.
 22801 | Gauntlet | Identified the +1 fire dragon scales of the Game of Life
                  | {rF++ rC- rN++ Str+4}
 22801 | Gauntlet | Identified the +1 kite shield "Ucill" {rN+ Slay+3}
 22801 | Gauntlet | Noticed a minotaur
 22814 | Gauntlet | Slain by a minotaur
 22866 | Gauntlet | Demolished by a minotaur
 22924 | Gauntlet | Identified the +0 pair of gloves of Icauh {Str+6}
 23109 | Lair:1   | Entered Level 1 of the Lair of Beasts
 23159 | Lair:1   | Learned a level 6 spell: Bombard
 23612 | Lair:1   | Noticed a death yak
 23612 | Lair:1   | Noticed a death yak
 23785 | Lair:1   | Noticed a death yak
 23791 | Lair:1   | Noticed Joseph
 24129 | Lair:1   | Reached **** piety under Sif Muna
 24595 | Lair:1   | Noticed a death yak
 24614 | Lair:1   | Killed a death yak
 24647 | Lair:1   | Killed a death yak
 25501 | Lair:1   | Killed Joseph
 25502 | Lair:1   | Reached XP level 13. HP: 46/54 MP: 4/27
 26314 | Lair:2   | Noticed a fire dragon
 27717 | Lair:2   | Found a runed translucent gate.
 27717 | Lair:2   | Found a runed translucent gate.
 27717 | Lair:2   | Found a runed translucent gate.
 27717 | Lair:2   | Noticed retardedninja's ghost (journeyman GrFE)
 28176 | Lair:2   | Found a staircase to the Swamp.
 28579 | Lair:3   | Noticed Josephine
 29357 | Lair:3   | Found a staircase to the Snake Pit.
 30297 | Lair:3   | Reached skill level 10 in Conjurations
 30973 | Lair:3   | Killed Josephine
 31225 | Lair:3   | Reached ***** piety under Sif Muna
 31226 | Lair:3   | Reached skill level 10 in Spellcasting
 31907 | Snake:1  | Entered Level 1 of the Snake Pit
 31947 | Lair:4   | Identified Sif Muna's Directory of Accompaniment (Sif Muna
                  | gifted it to you on level 4 of the Lair of Beasts)
 31947 | Lair:4   | Received a gift from Sif Muna
 32528 | Lair:4   | Learned a level 2 spell: Blink
 33432 | Lair:5   | Entered Level 5 of the Lair of Beasts
 33438 | Lair:4   | Demolished by a dream sheep
 33568 | Lair:4   | Learned a level 3 spell: Summon Guardian Golem
 33812 | Lair:5   | Reached XP level 14. HP: 47/59 MP: 14/29
 35850 | D:13     | Found a gate to the Vaults.
 36382 | D:13     | Found Nuote's Jewellery Emporium.
 37676 | Lair:5   | Reached skill level 10 in Earth Magic
 37676 | Lair:5   | Reached skill level 1 in Shapeshifting
 38557 | Lair:5   | Found a viscous altar of Jiyva.
 38563 | Lair:5   | Found a staircase to the Slime Pits.
 39291 | Abyss:1  | Cast into level 1 of the Abyss (spriggan)
 39301 | Abyss:1  | Found a corrupted altar of Lugonu.
 39307 | Abyss:1  | Found a candlelit altar of Ignis.
 39383 | Abyss:1  | Noticed a tentacled starspawn
 39486 | Abyss:1  | HP: 3/90 [anaconda skeleton (5)]
 39488 | Abyss:1  | Slain by an anaconda skeleton

Illustrated notes

Levels and vault maps discovered:
D:1:      sevenhm_arrival_forest_fort_small_3, layout_basic,
          shapermc_ecumenical_altar_notcrosses, serial_glass, glass_columns_a,
          glass_columns_c, item_on_display_a, item_on_display_b,
          feat_on_display, minmay_strange_pillars
D:2:      layout_loops_ring, serial_shops, shop
D:3:      layout_rooms, overflow_temple_1_default
D:4:      layout_loops_ring, nicolae_overflow_crystal_walls, uniq_edmund
D:5:      layout_cave_pools, minmay_temple_entry_fiery, serial_shops,
          nicolae_shop_gibbet_a_chance, feat_on_display
D:6:      layout_rooms, fedhas_altar_4, mainiacjoe_overflow_chevrons,
          gammafunk_ghost_icy, serial_curves, eino_curves_01, eino_curves_02,
          kennysheep_generic_room_10
D:7:      layout_cave_pods, grunt_temple_overflow_open, enter_bailey_3,
          chequers_ossuary_entry_cave, uniq_menkaure
D:8:      layout_rooms, uniq_grum
D:9:      minmay_the_grid_square_5x5_4x4 [minmay_the_grid_square_5x5_slash,
          minmay_the_grid_square_5x5_shuriken, minmay_the_grid_square_5x5_mess,
          minmay_the_grid_square_5x5_lines,
          minmay_the_grid_square_5x5_doubleslash,
          minmay_the_grid_square_5x5_prize_pseudospiral,
          minmay_the_grid_square_5x5_prize_rear_guard,
          minmay_the_grid_square_5x5_c, minmay_the_grid_square_5x5_seven,
          minmay_the_grid_square_5x5_prize_junk,
          minmay_the_grid_square_5x5_prize_open,
          minmay_the_grid_square_5x5_one_wall,
          minmay_the_grid_square_5x5_minimal,
          minmay_the_grid_square_5x5_gyroscope,
          minmay_the_grid_square_5x5_three_walls,
          minmay_the_grid_square_5x5_sharp_hourglass], layout_irregular_city,
          nicolae_hepliaklqana_hippocampus, uniq_harold
D:10:     layout_roguey, okawaru_gym_becter, hellmonk_lair_entry_icy,
          serial_shops, nicolae_shop_hallway_stairs, minmay_between
D:11:     layout_long_grid, david_orc_4
D:12:     layout_loops_cross
D:13:     layout_gridville, david_vaults_1, serial_shops, shop, shop,
          nicolae_shop_gaudy_bauble, gauntlet_entry_generic, grunt_ministairs_9,
          uniq_urug
Temple:   nicolae_temple_slightly_damp_pantheon
Lair:1:   layout_chaotic_city, pond, serial_bayou_shore_b, uniq_joseph
Lair:2:   dragon1_lemuel, layout_cave_pods, minmay_swamp_entry_reptiles,
          ebering_ghost_rock_garden, grunt_forest_stairs_basic,
          roderic_carrion_pond, lemuel_fruit_fields, serial_bayou_shore_a,
          grunt_megastairs_3, lemuel_fruit_tree
Lair:3:   layout_roguey, minmay_snake_entry_six_corridors,
          dreamdust_gnoll_shepherd, infiniplex_staircase_pool, uniq_josephine
Lair:4:   layout_cave_pods, grunt_megastairs_1, lemuel_fruit_fields
Lair:5:   hellmonk_lair_end_abyssal_woods, layout_big_grid,
          dpeg_slime_entry_corner, chequers_serial_rivers_small_b
Snake:1:  layout_layer_cave, basic_altar, uniq_aizul, uniq_louise
Abyss:1:  base:
D:2

Skill      XL: |  1  2  3  4  5  6  7  8  9 10 11 12 13 14 |
---------------+-------------------------------------------+-----
Ice Magic      | 4 5 6 7 9 10 11 | 11.6
Dodging        | 3 4 6 7 8 |  8.9
Unarmed Combat | 1 2 3 4 |  4.3
Spellcasting   | 3 4 5 6 7 9 10 11 | 11.3
Invocations    | 1 2 |  2.2
Evocations     | 2 |  2.0
Summonings     | 1 2 |  2.6
Fighting       | 1 4 5 6 |  6.1
Stealth        | 3 |  3.2
Conjurations   | 3 7 8 10 11 | 11.0
Earth Magic    | 3 5 7 9 10 | 10.1
Hexes          | 1 2 |  2.8
Shapeshifting  | 2 |  2.0

Action                     |  1- 3 |  4- 6 |  7- 9 | 10-12 | 13-15 || total
---------------------------+-------+-------+-------+-------+-------++-------
  Melee: Unarmed           |    23 |     4 |   129 |    57 |    26 ||   239
         Bite              |     2 |     1 |    20 |     8 |     4 ||    35
         Punch             |       |       |     3 |     3 |       ||     6
   Cast: Freeze            |    58 |    53 |    88 |   219 |   202 ||   620
         Frozen Ramparts   |     3 |    16 |    51 |    85 |    33 ||   188
         Ozocubu's Armour  |       |     3 |    30 |    76 |    23 ||   132
         Summon Ice Beast  |       |       |    28 |    59 |    42 ||   129
         Brom's Barrelling |       |       |     6 |       |       ||     6
         Petrify           |       |       |       |     1 |       ||     1
         Iskenderun's Batt |       |       |       |    31 |    77 ||   108
         Bombard           |       |       |       |     8 |    98 ||   106
         Metabolic Englaci |       |       |       |     2 |       ||     2
         Blink             |       |       |       |       |     2 ||     2
         Summon Guardian G |       |       |       |       |     2 ||     2
 Invoke: Channel Magic     |       |       |     1 |     5 |     1 ||     7
Ability: Evoke Invisibilit |       |       |     1 |       |       ||     1
  Evoke: Wand              |       |       |    24 |    25 |     4 ||    53
    Use: Potion            |       |     1 |     1 |     7 |     3 ||    12
         Scroll            |       |       |    18 |    12 |     5 ||    35
   Stab: Sleeping          |     5 |       |       |       |       ||     5
         Distracted        |       |       |       |     1 |       ||     1
 Armour: Skin              |    14 |    14 |   106 |   172 |   112 ||   418
  Dodge: Dodged            |    48 |    54 |   239 |   374 |   326 ||  1041

Table legend: (Time is in decaauts)
 A = Elapsed time spent in this place.
 B = Non-inter-level travel time spent in this place.
 C = Inter-level travel time spent in this place.
 D = Time resting spent in this place.
 E = Time spent auto-exploring this place.
 F = Levels seen in this place.
 G = Mean time per level.
                   A        B        C        D        E       F      G
               +--------+--------+--------+--------+--------+-----+--------+
         Total |  36432 |  33444 |   2988 |  18690 |   8538 |  23 | 1584.0 |
       Dungeon |  20836 |  18831 |   2005 |  10136 |   5384 |  13 | 1602.8 |
        Temple |     23 |      2 |     21 |      0 |      0 |   1 |   23.0 |
          Lair |  13410 |  12450 |    960 |   7579 |   2950 |   5 | 2682.0 |
     Snake Pit |      1 |      1 |      0 |      0 |      0 |   1 |    1.0 |
         Abyss |    159 |    159 |      0 |      0 |      0 |   1 |  159.0 |
        Bailey |    880 |    880 |      0 |    430 |     27 |   1 |  880.0 |
      Gauntlet |   1120 |   1120 |      0 |    543 |    175 |   1 | 1120.0 |
               +--------+--------+--------+--------+--------+-----+--------+

Top non-repeatable levels by time:
     D:8: 4067 daAuts
  Lair:2: 3187 daAuts
  Lair:4: 3144 daAuts
  Lair:1: 2828 daAuts
  Lair:3: 2674 daAuts
     D:7: 2580 daAuts
    D:10: 2335 daAuts
    D:12: 2302 daAuts
  Lair:5: 1576 daAuts
     D:6: 1525 daAuts
    D:11: 1472 daAuts
     D:4: 1283 daAuts
    D:13: 1274 daAuts
Gauntlet: 1120 daAuts
     D:2: 969 daAuts
